 Dungeon Crawl Stone Soup version 0.31-a0-95-g6fa058ef04 (webtiles) character file.

Game seed: 2752772947363069635

86 bande the Covered (level 4, -7/29 HPs)
             Began as a Gargoyle Fighter on May 26, 2023.
             Mangled by Sigmund
             ... wielding a +0 scythe
              (9 damage)
             ... on level 2 of the Dungeon.
             The game lasted 00:02:40 (1225 turns).

bande the Covered (Gargoyle Fighter)                Turns: 1225, Time: 00:02:41

Health: -7/29      AC: 13    Str: 20    XL:     4   Next: 49%
Magic:  4/4        EV:  7    Int:  8    God:
Gold:   36         SH:  4    Dex: 11    Spells: 3/3 levels left

rFire   . . .        a - +0 war axe
rCold   . . .        c - +0 buckler
rNeg    + . .        h - +0 chain mail
rPois   ∞            (no helmet)
rElec   +            (no cloak)
rCorr   .            (no gloves)
SInv    .            (no boots)
Will    .....        (no amulet) Stlth
                     (no ring)
HPRegen 0.24/turn    (no ring)
MPRegen 0.09/turn

%: no passive effects
@: no status effects
A: sickness immunity, AC +3, negative energy resistance 1, electricity
resistance, torment resistance 1, petrification resistance
a: no special abilities


You were on level 2 of the Dungeon.
You visited 1 branch of the dungeon, and saw 2 of its levels.

You collected 36 gold pieces.

Inventory:

Hand Weapons
 a - a +0 war axe (weapon)
Armour
 c - a +0 buckler (worn)
 h - a +0 chain mail (worn)
Scrolls
 g - a scroll of amnesia {unknown}
 i - a scroll of fog {unknown}
 j - a scroll of acquirement {unknown}
Potions
 b - a potion of invisibility
 d - a potion of might
 e - a potion of ambrosia {unknown}
 f - a potion of brilliance {unknown}


   Skills:
 + Level 3.8 Fighting
 + Level 2.6 Axes
 + Level 4.2 Armour
 + Level 3.9 Shields


You had 3 spell levels left.
You didn't know any spells.
Your spell library contained the following spells:

 Spells                   Type           Power      Damage    Failure   Level
 Shock                    Conj/Air       0%         1d3       99%         1
 Sting                    Tmut/Pois      0%         1d3       99%         1
 Poisonous Vapours        Pois/Air       0%         N/A       99%         2
 Swiftness                Air            0%         N/A       100%        3
 Airstrike                Air            0%         2d(0-16)  100%        4
 Olgreb's Toxic Radiance  Pois           0%         N/A       100%        4


Dungeon Overview and Level Annotations

Branches:
Dungeon (2/15)

Altars:

Annotations:
D:2 Sigmund


Innate Abilities, Weirdness & Mutations

You are immune to sickness and miasma.
Your stone body is resilient. (AC +3)
You are immune to poison.
You resist negative energy. (rN+)
You are resistant to electric shocks. (rElec)
You are resistant to unholy torment.
You are immune to petrification.


Message History

You barely miss the kobold. The kobold closely misses you.
Something hits you but does no damage.
The kobold hits you with a +2 vampiric whip.
The kobold hits you but does no damage. Something completely misses you.
Things that are here:
a +0 club; a hobgoblin corpse Unknown command.
You closely miss something. You barely miss the kobold.
The kobold hits you with a +2 vampiric whip.
Unknown command.
You barely miss something. You hit the kobold.
You kill the kobold!
Something hits you.
You hear some strange, mumbled words.
A puff of flame appears from out of thin air!
The puff of flame hits you but does no damage.
You see here a scroll labelled BEBRAR YWUYDO.
Something hits you.
Things that are here:
a +0 club; a hobgoblin corpse You closely miss something.
You hear some strange, mumbled words.
A puff of flame appears from out of thin air!
The puff of flame misses you.
You closely miss something.
You hear some strange, mumbled words.
A puff of flame appears from out of thin air!
The puff of flame hits you.
* * * LOW HITPOINT WARNING * * *
Something hits you but does no damage.
You miss something. Something hits you.
* * * LOW HITPOINT WARNING * * *
You hit something. Something hits you.
* * * LOW HITPOINT WARNING * * *
You miss something.
You hear some strange, mumbled words.
Something tries to affect you, but you resist.
You barely miss something. Something hits you but does no damage.
You miss something. Something hits you!
You die...

#.#.#####.. ##...###...#
###...#.....## ##
###...#.#.###.# ..
..........#...# #.
.######.......## . #.
###.##..#..#
....##.######...##.....#
#.....{@?...†.......##.#
#...###)..........####.#
# #.......#.#.......
#..#.....#.#####...
#.#........# #...
......##...## #...
...#..#...### ####
#.##.##.### #.....


There were no monsters in sight!

Vanquished Creatures
  Terence (D:2)
  2 adders (D:2)
  3 dart slugs
  3 orcs (D:2)
  A ball python (D:1)
  2 bats (D:1)
  2 endoplasms
  2 giant cockroaches (D:1)
  2 goblins
  A hobgoblin (D:2)
  6 jackals (D:1)
  2 quokkas (D:2)
  A frilled lizard (D:2)
  3 kobolds
  A rat (D:1)
32 creatures vanquished.

Notes
Turn   | Place    | Note
-------+----------+-------------------------------------------
     0 | D:1      | bande the Gargoyle Fighter began the quest for the Orb.
     0 | D:1      | Reached XP level 1. HP: 14/14 MP: 1/1
   300 | D:1      | Reached XP level 2. HP: 19/19 MP: 2/2
   728 | D:1      | Reached XP level 3. HP: 23/23 MP: 3/3
   853 | D:2      | Noticed Terence
   877 | D:2      | Reached skill level 4 in Armour
   909 | D:2      | Killed Terence
   910 | D:2      | Reached XP level 4. HP: 7/29 MP: 4/4
  1206 | D:2      | Noticed Sigmund
  1225 | D:2      | Mangled by Sigmund

Illustrated notes

Levels and vault maps discovered:
D:1:      ebering_trefoil_twist, layout_loops_corners
D:2:      layout_rooms, amcnicky_mini_corridor_feature, bh_walls_and_bars,
          uniq_terence, uniq_natasha, uniq_sigmund

Skill      XL: |  1  2  3 |
---------------+----------+-----
Axes           | 2 |  2.6
Armour         | 4 |  4.2
Fighting       | |  3.8
Shields        | |  3.9

Action                     |  1- 3 |  4- 6 || total
---------------------------+-------+-------++-------
  Melee: War axe           |   104 |    27 ||   131
    Use: Scroll            |     2 |       ||     2
 Armour: Scale mail        |    22 |       ||    22
         Chain mail        |    45 |    21 ||    66
  Dodge: Dodged            |    58 |    14 ||    72
  Block: Buckler           |    26 |     4 ||    30

Table legend: (Time is in decaauts)
 A = Elapsed time spent in this place.
 B = Non-inter-level travel time spent in this place.
 C = Inter-level travel time spent in this place.
 D = Time resting spent in this place.
 E = Time spent auto-exploring this place.
 F = Levels seen in this place.
 G = Mean time per level.
                   A        B        C        D        E       F      G
               +--------+--------+--------+--------+--------+-----+--------+
         Total |   1280 |   1280 |      0 |    177 |    797 |   2 |  640.0 |
       Dungeon |   1280 |   1280 |      0 |    177 |    797 |   2 |  640.0 |
               +--------+--------+--------+--------+--------+-----+--------+

Top non-repeatable levels by time:
     D:1: 827 daAuts
     D:2: 453 daAuts
